 Dungeon Crawl Stone Soup version 0.31.0-9-g3a7656b989 (webtiles) character file.

Game seed: 1691297563703186590

88 qw the Shooter (level 4, 0/25 HPs)
             Began as a Deep Elf Hunter on Feb 2, 2024.
             Incinerated by a bombardier beetle (3 damage)
             ... with a burning spray
             ... on level 2 of the Dungeon.
             The game lasted 00:00:05 (1167 turns).

qw the Shooter (Deep Elf Hunter)                    Turns: 1167, Time: 00:00:05

Health: 0/25       AC:  3    Str: 10    XL:     4   Next: 30%
Magic:  6/6        EV: 12    Int: 14    God:
Gold:   98         SH:  0    Dex: 18    Spells: 3/3 levels left

rFire   . . .        a - +0 shortbow
rCold   . . .        (shield currently unavailable)
rNeg    . . .        c - +0 leather armour
rPois   .            (no helmet)
rElec   .            (no cloak)
rCorr   .            (no gloves)
SInv    .            (no boots)
Will    .....        (no amulet)
Stlth   +            (no ring)
HPRegen 0.24/turn    (no ring)
MPRegen 0.10/turn

%: no passive effects
@: on fire, glowing
A: no striking features
a: no special abilities


You were on level 2 of the Dungeon.
You visited 1 branch of the dungeon, and saw 2 of its levels.

You collected 98 gold pieces.


   Skills:
 - Level 1.5 Fighting
 + Level 7.7 Ranged Weapons
 - Level 2.4 Dodging
 - Level 1.2 Stealth


You had 3 spell levels left.
You didn't know any spells.
Your spell library was empty.

Inventory:

Hand Weapons
 a - a +0 shortbow (weapon)
Armour
 b - a +0 ring mail
 c - a +0 leather armour (worn)
Jewellery
 i - a ring of protection from cold
Scrolls
 d - a scroll of immolation {unknown}
 f - a scroll of fog {unknown}
 g - a scroll of enchant weapon {unknown}
Potions
 e - a potion of haste
 h - a potion of magic {unknown}
 j - a potion of heal wounds {unknown}
 k - a potion of resistance {unknown}
 l - a potion of ambrosia {unknown}
 m - a potion of curing

Dungeon Overview and Level Annotations

Branches:
Dungeon (2/15)

Altars:


Message History

Found a ring mail.
A bombardier beetle comes into view.
You shoot an arrow.
The arrow closely misses the bombardier beetle.
You shoot an arrow.
The arrow closely misses the bombardier beetle.
You shoot an arrow.
The arrow hits the bombardier beetle but does no damage.
You shoot an arrow. The arrow hits the bombardier beetle.
The bombardier beetle is lightly wounded.
You shoot an arrow.
The arrow hits the bombardier beetle but does no damage.
The bombardier beetle is lightly wounded.
You shoot an arrow. The arrow hits the bombardier beetle.
The bombardier beetle is lightly wounded.
You shoot an arrow.
The arrow closely misses the bombardier beetle.
You shoot an arrow.
The arrow hits the bombardier beetle but does no damage.
The bombardier beetle is lightly wounded.
You shoot an arrow. The arrow hits the bombardier beetle!
The bombardier beetle is heavily wounded.
The bombardier beetle sprays incendiary fluid at you.
The burning spray hits you.
You are covered in liquid fire!
You shoot an arrow. The arrow hits the bombardier beetle!
You kill the bombardier beetle!
The liquid fire burns you!
You have reached level 4!
You feel clever.
You are on fire!
The liquid fire burns you!
You are on fire!
The liquid fire burns you!
You are on fire!
The liquid fire burns you!
You are on fire!
The liquid fire burns you!
You are on fire!
The liquid fire burns you!
You die...

##....#............#########
##..#.##...#########
8#..#.#8...8 ##..#.##...###
## ##....##...##}###8##
##..### .....[....## ....#
..........8# ....##
..........# .....# #@..#
####.###########...##
#..........#8...8#
##########.##...## #......#
########


There were no monsters in sight!

Vanquished Creatures
  A bombardier beetle (D:2)
  An adder (D:2)
  A dart slug (D:1)
  6 ball pythons
  2 bats (D:2)
  6 endoplasms
  2 giant cockroaches
  5 goblins
  2 hobgoblins
  5 jackals (D:1)
  2 frilled lizards (D:1)
  3 kobolds
  5 rats
41 creatures vanquished.

Notes
Turn   | Place    | Note
-------+----------+-------------------------------------------
     0 | D:1      | qw the Deep Elf Hunter began the quest for the Orb.
     0 | D:1      | Reached XP level 1. HP: 12/12 MP: 3/3
     0 | D:1      | 0 ||| qw: Version: 0.3-a-155-g5e7d8dd
     0 | D:1      | 0 ||| qw: Game counter: 1887
     0 | D:1      | 0 ||| qw: Melee chars always use a shield: true
     0 | D:1      | 0 ||| qw: God list: Okawaru
     0 | D:1      | 0 ||| qw: Allow faded altars: false
     0 | D:1      | 0 ||| qw: Do Orc after clearing Dungeon:15 true
     0 | D:1      | 0 ||| qw: Do second Lair branch before Depths: true
     0 | D:1      | 0 ||| qw: Lair rune preference: random
     0 | D:1      | 0 ||| qw: Goals: Normal
     0 | D:1      | 0 ||| PLANNING D:1-11
    73 | D:1      | Reached skill level 6 in Ranged Weapons
    73 | D:1      | Reached XP level 2. HP: 16/16 MP: 4/4
   704 | D:1      | 704 ||| READING 2 scrolls labelled JUSSUK HIYVIN.
   705 | D:1      | 705 ||| READING 2 scrolls labelled OCITUMNOQIM.
   705 | D:1      | 705 ||| IDENTIFYING golden potion
   706 | D:1      | 706 ||| READING scroll of identify.
   706 | D:1      | 706 ||| IDENTIFYING ruby potion
   707 | D:1      | 707 ||| DROPPING scroll of butterflies.
   708 | D:1      | 708 ||| DROPPING scroll of revelation.
   743 | D:2      | 743 ||| STAIRDANCE
   757 | D:2      | Reached XP level 3. HP: 19/20 MP: 5/5
   785 | D:2      | 785 ||| DRINKING potion of curing.
   785 | D:2      | 785 ||| (to cure poison)
   925 | D:2      | Reached skill level 7 in Ranged Weapons
  1163 | D:2      | Reached XP level 4. HP: 21/25 MP: 6/6
  1166 | D:2      | HP: 3/25 [burnt (5)]
  1167 | D:2      | Incinerated by a bombardier beetle

Levels and vault maps discovered:
D:1:      lightli_arrival_boilingwater, layout_basic
D:2:      minmay_angry_zag, layout_basic, serial_corexii_hall,
          corexii_hall_statues_s, corexii_hall_statues_l,
          corexii_hall_statues_i, corexii_hall_statues_l,
          chequers_hall_statues_wall_a, corexii_hall_statues_s, minmay_3d_cube

Skill      XL: |  1  2  3 |
---------------+----------+-----
Ranged Weapons | 6 7 |  7.7
Fighting       | |  1.5
Dodging        | |  2.4
Stealth        | |  1.2

Action                     |  1- 3 |  4- 6 || total
---------------------------+-------+-------++-------
   Fire: Shortbow          |   123 |       ||   123
    Use: Scroll            |     3 |       ||     3
         Potion            |     1 |       ||     1
 Armour: Leather armour    |    28 |       ||    28
  Dodge: Dodged            |    34 |       ||    34

Table legend:
 A = Non-vault XP
 B = Vault XP
 C = Vault XP percentage of total XP
 D = Non-vault monster count
 E = Vault monster count
 F = Vault count percentage of total count
                 A         B        C        D         E       F
            +---------+---------+-------+---------+---------+-------
      Total |     122 |       5 |   3.9 |      37 |       4 |   9.8
            +---------+---------+-------+---------+---------+-------
        D:1 |      40 |       0 |   0.0 |      22 |       0 |   0.0
        D:2 |      82 |       5 |   5.7 |      15 |       4 |  21.1
            +---------+---------+-------+---------+---------+-------
